 Dungeon Crawl Stone Soup version 0.18.1-48-g4cf74bf (webtiles) character file.

127 Mesmaeker13 the Chopper (level 4, -2/35 HPs)
             Began as a Demonspawn Gladiator on Aug 26, 2016.
             Killed by divine providence
             ... invoked by an orc priest
              (10 damage)
             ... on level 2 of the Dungeon.
             The game lasted 00:06:18 (2676 turns).

Mesmaeker13 the Chopper (Demonspawn Gladiator)      Turns: 2676, Time: 00:06:18

Health: -2/35      AC:  7    Str: 15    XL:     4   Next: 85%
Magic:  4/4        EV: 18    Int: 10    God:
Gold:   84         SH:  0    Dex: 19    Spells: 0 memorised, 3 levels left

rFire  + . .     SeeInvis .     a - +0 war axe
rCold  . . .     Gourm    .     i - +0 ring mail
rNeg   . . .     Faith    .     (no shield)
rPois  .         Spirit   .     c - +0 helmet
rElec  .         Dismiss  .     (no cloak)
rCorr  .         Reflect  .     (no gloves)
SustAt .         Harm     .     o - +0 pair of boots
MR     .....                    (no amulet)
Stlth  ++........               (no ring)
                                n - ring of protection from fire

@: agile, lethally poisoned (-2 -> -3), very slightly contaminated, hasted, very
quick, not resistant to hostile enchantments, unstealthy
A: hooves 1, rot immunity
a: no special abilities


You were on level 2 of the Dungeon.
You were not hungry.

You visited 1 branch of the dungeon, and saw 3 of its levels.

You collected 84 gold pieces.

Inventory:

Hand Weapons
 a - a +0 war axe (weapon)
Missiles
 d - 3 throwing nets (quivered)
Armour
 b - a +0 leather armour
 c - a +0 helmet (worn)
 i - a +0 ring mail (worn)
 o - a +0 pair of boots (worn)
Jewellery
 n - a ring of protection from fire (left hand)
Scrolls
 g - a scroll of amnesia {unknown}
 j - a scroll of random uselessness {unknown}
 l - a scroll of remove curse {unknown}
 m - a scroll of noise {unknown}
Books
 k - a book of Fire

   Spells                             Type                      Level
   a - Ignite Poison                  Fire/Transmutation/Poison    3
   b - Fireball                       Conjuration/Fire             5
   c - Bolt of Fire                   Conjuration/Fire             6
   d - Delayed Fireball               Conjuration/Fire             7
   e - Ring of Flames                 Charms/Fire                  7
Comestibles
 f - 2 bread rations


   Skills:
 + Level 3.2 Fighting
 + Level 3.6 Axes
 - Level 1.7 Throwing
 + Level 3.6 Dodging


You had 3 spell levels left.
You didn't know any spells.

Dungeon Overview and Level Annotations

Branches:
Dungeon (3/15)

Altars:
Fedhas
Okawaru
Vehumet
Yredelemnul


Innate Abilities, Weirdness & Mutations

You have large cloven feet.
You are immune to rotting.


Message History

You feel sick.
You feel sick.
You feel sick.
There is a stone staircase leading down here.
You climb downwards. 3 jackals, 3 goblins, 4 orcs and an orc priest come into view.
The goblin shouts!
The jackal barks!
The orc shouts! x2
The orc priest shouts!
The orc shouts!
The goblin shouts! x2
The jackal barks!
Found a scroll labeled WUVVAH VAUFUTIMNA.
There is a stone staircase leading up here.
You feel sick.
You climb upwards.
The adder completely misses you.
There is a stone staircase leading down here.
The orc completely misses you. The adder barely misses you.
You feel sick.
You feel sick.
The orc priest invokes the aid of Beogh against you.
Beogh smites you!
You die...

.#.P.P....#.......#####
##..PP..g...#####.#
..(.P..##.#.# #)#
...P...##o#.# #.#
....PP.##o#.### #.#
.P.P...##.#...# #.#
...♣......###.# #.#
..♣.P..##o###.###.#####
.♣.PP.....o.....@.....#
♣♣P♣.♣.##.###.#########
##♣.♣P.##.# #.#
##.P♣..#..# #.#
#........## #.#
..####.### #.# ### #..
#.# ### #.# #.#


You could see an orc priest and an orc.

Vanquished Creatures
  4 gnolls (D:2)
  4 adders (D:2)
  2 worms (D:2)
  A dart slug (D:1)
  6 giant cockroaches
  4 goblins
  7 hobgoblins
  2 jackals (D:2)
  5 kobolds
  3 quokkas (D:2)
  A bat (D:2)
  3 giant newts
  2 rats (D:1)
44 creatures vanquished.

Notes
Turn   | Place    | Note
--------------------------------------------------------------
     0 | D:1      | Mesmaeker13 the Demonspawn Gladiator began the quest for the Orb.
     0 | D:1      | Reached XP level 1. HP: 16/16 MP: 1/1
   424 | D:1      | Gained mutation: You have large cloven feet. [demonic ancestry]
   424 | D:1      | Reached XP level 2. HP: 21/22 MP: 2/2
   739 | D:2      | Gained mutation: You are immune to rotting. [demonic ancestry]
   739 | D:2      | Reached XP level 3. HP: 28/28 MP: 3/3
  1401 | D:2      | Found a radiant altar of Vehumet.
  1524 | D:2      | Reached XP level 4. HP: 26/34 MP: 4/4
  1912 | D:2      | Found a faded altar to an unknown god.
  2392 | D:2      | Found an iron altar of Okawaru.
  2593 | D:2      | Found a basalt altar of Yredelemnul.
  2594 | D:2      | Found a blossoming altar of Fedhas.
  2676 | D:2      | Killed from afar by an orc priest

Skill      XL: |  1  2  3  4 |
---------------+-------------+-----
Axes           | 3 |  3.6
Dodging        | 3 |  3.6
Fighting       | 3 |  3.2
Throwing       | |  1.7

Action                   |  1- 3 |  4- 6 || total
-------------------------+-------+-------++-------
Melee: War axe           |   149 |    79 ||   228
       Kick              |    22 |    20 ||    42
  Use: Potion            |     1 |     2 ||     3
  Eat: Bread ration      |     1 |     1 ||     2
       Chunk             |       |     1 ||     1
Armor: Leather armour    |    28 |       ||    28
       Ring mail         |    37 |    28 ||    65
Dodge: Dodged            |   115 |    68 ||   183
